 Dungeon Crawl Stone Soup version 0.32-a0-886-g41c5271027 (webtiles) character file.

Game seed: 17712804829803942896

13 ragingrage the Ruffian (level 2, -1/21 HPs)
             Began as a Barachi Shapeshifter on Apr 2, 2024.
             Frozen to death by an endoplasm (5 damage)
             ... on level 1 of the Dungeon.
             The game lasted 00:00:38 (278 turns).

ragingrage the Ruffian (Barachi Shapeshifter)        Turns: 278, Time: 00:00:38

Health: -1/21      AC:  2    Str: 15    XL:     2   Next: 37%
Magic:  2/2        EV: 11    Int: 10    God:
Gold:   41         SH:  0    Dex: 11    Spells: 1/1 levels left

rFire   . . .        e - +2 long sword (heavy)
rCold   . . .        (no shield)
rNeg    . . .        a - +0 animal skin
rPois   .            (helmet currently unavailable)
rElec   .            (cloak currently unavailable)
rCorr   .            (gloves currently unavailable)
SInv    .            (boots currently unavailable)
Will    .....        (no amulet)
Stlth   ++           (no ring)
HPRegen 0.23/turn    (no ring)
MPRegen 0.08/turn

%: no passive effects
@: beast-form, slow
A: beast (slay +1), amphibious, slowness 1, strong legs 1, +LOS
a: Hop, Begin Untransformation


You were on level 1 of the Dungeon.
You were a hulking beast.
You visited 1 branch of the dungeon, and saw 1 of its levels.

You collected 41 gold pieces.

Inventory:

Hand Weapons
 e - a +2 heavy long sword (weapon)
Armour
 a - a +0 animal skin (worn)
Talismans
 c - a beast talisman (active)
 d - a flux talisman
Potions
 b - a potion of lignification


   Skills:
 - Level 1.2 Fighting
 + Level 0.3 Long Blades
 - Level 2.1 Dodging
 + Level 1.2 Stealth
 - Level 3.6 Unarmed Combat
 - Level 3.2 Shapeshifting


You had one spell level left.
You didn't know any spells.
Your spell library was empty.

Dungeon Overview and Level Annotations

Branches:
Dungeon (1/15)

Altars:


Innate Abilities, Weirdness & Mutations

You are a hulking beast.
Your limbs bulge with bestial killing power. (Slay +1)
You are amphibious.
You cover ground slowly.
You can hop short distances.
You have an extended range of vision and can be seen from far away.


Message History

The goblin barely misses you. x2
You barely miss the goblin. The goblin closely misses you.
The goblin barely misses you.
You closely miss the goblin. The goblin hits you with a +0 club.
The goblin barely misses you.
You barely miss the goblin. The goblin closely misses you. x2
You hit the goblin. The goblin hits you with a +0 club.
The rat twitches its whiskers.
The goblin closely misses you. The goblin hits you with a +0 club.
You closely miss the goblin. The goblin hits you with a +0 club.
The goblin closely misses you.
You barely miss the goblin. The goblin barely misses you. x2
You slash the goblin!
You kill the goblin!
The kobold completely misses you.
You closely miss the kobold. The kobold misses you.
The kobold hits you but does no damage.
You barely miss the kobold. The kobold hits you with a +0 dagger.
The kobold misses you. The kobold hits you with a +0 dagger.
You barely miss the kobold.
You are ready to hop once more.
The kobold barely misses you. x2
You closely miss the kobold. The kobold hits you but does no damage.
The kobold hits you with a +0 dagger.
* * * LOW HITPOINT WARNING * * *
You slash the kobold!
You kill the kobold!
The rat bites you but does no damage.
You slash the rat!
You kill the rat!
The endoplasm freezes you.
You are frozen.
* * * LOW HITPOINT WARNING * * *
You hit the endoplasm. The endoplasm freezes you.
You are frozen.
* * * LOW HITPOINT WARNING * * *
The endoplasm freezes you.
You are frozen.
You die...

##.............#
...............#
.............r.##
................
.#............#
.#............#
..............# #
..............####.#
...##.........rJh..#
...###.....#########
...# #.....# ...#
#.....# ...# #..r..#
...# #....J# ####
#.....# #.....#
#.....#


You could see an endoplasm and a rat.

Vanquished Creatures
  A bat (D:1)
  An endoplasm (D:1)
  A giant cockroach (D:1)
  4 goblins (D:1)
  3 ball pythons (D:1)
  A kobold (D:1)
  3 rats (D:1)
14 creatures vanquished.

Notes
Turn   | Place    | Note
-------+----------+-------------------------------------------
     0 | D:1      | ragingrage the Barachi Shapeshifter began the quest for the
                  | Orb.
     0 | D:1      | Reached XP level 1. HP: 15/15 MP: 1/1
   115 | D:1      | Reached skill level 1 in Stealth
   115 | D:1      | Reached XP level 2. HP: 17/21 MP: 2/2
   278 | D:1      | Frozen to death by an endoplasm

Illustrated notes

Levels and vault maps discovered:
D:1:      mainiacjoe_arrival_reflecting_pool, layout_basic,
          serial_park_tiny_pond

Skill      XL: |  1 |
---------------+----+-----
Stealth        | 1 |  1.2
Fighting       | |  1.2
Long Blades    | |  0.3
Dodging        | |  2.1
Unarmed Combat | |  3.6
Shapeshifting  | |  3.2

Action                     || total
---------------------------++-------
  Melee: Unarmed           ||    24
         Long sword        ||    16
         Punch             ||     1
Ability: Hop               ||     2
 Armour: Animal skin       ||    34
  Dodge: Dodged            ||    32

Table legend: (Time is in decaauts)
 A = Elapsed time spent in this place.
 B = Non-inter-level travel time spent in this place.
 C = Inter-level travel time spent in this place.
 D = Time resting spent in this place.
 E = Time spent auto-exploring this place.
 F = Levels seen in this place.
 G = Mean time per level.
                   A        B        C        D        E       F      G
               +--------+--------+--------+--------+--------+-----+--------+
         Total |    316 |    316 |      0 |     32 |    138 |   1 |  316.0 |
       Dungeon |    316 |    316 |      0 |     32 |    138 |   1 |  316.0 |
               +--------+--------+--------+--------+--------+-----+--------+

Top non-repeatable levels by time:
     D:1: 316 daAuts
